 Dungeon Crawl Stone Soup version 0.18.1-8-gdd0e5ea (webtiles) character file.

108860 KrisztiCat the Peltast (level 16, 0/226 HPs)
             Began as a Minotaur Berserker on June 4, 2016.
             Was a High Priest of Trog.
             Slain by a hand axe of electrocution (6 damage)
             ... on level 2 of the Elven Halls.
             The game lasted 03:25:15 (24035 turns).

KrisztiCat the Peltast (Minotaur Berserker)        Turns: 24035, Time: 03:25:17

Health: 0/226      AC: 33    Str: 31    XL:     16   Next: 3%
Magic:  44/44      EV: 12    Int: 11    God:    Trog [*****.]
Gold:   1113       SH: 24    Dex: 17    Spells: 0 memorised, 15 levels left

rFire  . . .     SeeInvis .     v - +2 eveningstar (protect)
rCold  + + .     Gourm    +     G - +0 plate armour {rC+}
rNeg   + . .     Faith    .     g - +0 large shield
rPois  +         Spirit   .     H - +3 hat of Pondering {ponderous, MR+ MP+10 Int+5}
rElec  +         Dismiss  .     y - +2 cloak {rPois}
rCorr  .         Reflect  .     S - +1 pair of gloves
SustAt .         Harm     .     F - +0 pair of boots "Lakemaub" {rElec MP+9 Str+2 Stlth-}
MR     ++++.                    T - amulet "Geonogri" {Gourm +Inv MP+9 Dex+4 Stlth-}
Stlth  ..........               d - ring of positive energy
                                t - ring of protection from cold

@: berserking (expiring), regenerating, very quick, incredibly resistant to
hostile enchantments, extremely unstealthy
A: retaliatory headbutt, horns 2
a: Berserk, Trog's Hand, Brothers in Arms, Burn Spellbooks, Renounce Religion,
Evoke Invisibility


You were on level 2 of the Elven Halls.
You worshipped Trog.
Trog was extremely pleased with you.
You were very full.

You visited 5 branches of the dungeon, and saw 27 of its levels.
You also visited: Sewer.

You collected 2358 gold pieces.
You spent 1245 gold pieces at shops.

Inventory:

Hand Weapons
 k - a +3 mace of protection
 v - a +2 eveningstar of protection (weapon)
Missiles
 W - 10 javelins of penetration (quivered)
Armour
 g - a +0 large shield (worn)
 y - a +2 cloak of poison resistance (worn)
 F - the +0 pair of boots "Lakemaub" (worn) {rElec MP+9 Str+2 Stlth-}
   (You found it on level 7 of the Dungeon)

   It affects your strength (+2).
   It insulates you from electricity.
   It affects your magic capacity (+9).
   It makes you less stealthy.
 G - a +0 plate armour of cold resistance (worn)
 H - the +3 hat of Pondering (worn) {ponderous, MR+ MP+10 Int+5}
   (You bought it in a shop on level 2 of the Orcish Mines)

   It affects your intelligence (+5).
   It affects your resistance to hostile enchantments.
   It affects your magic capacity (+10).
 S - a +1 pair of gloves (worn)
 V - a +0 leather armour of fire resistance
Jewellery
 d - a ring of positive energy (right hand)
 t - a ring of protection from cold (left hand)
 T - the amulet "Geonogri" (around neck) {Gourm +Inv MP+9 Dex+4 Stlth-}
   (You found it on level 7 of the Lair of Beasts)

   [amulet of the gourmand]

   It allows you to eat raw meat even when not hungry.
   It affects your dexterity (+4).
   It affects your magic capacity (+9).
   It lets you turn invisible.
   It makes you less stealthy.
Wands
 m - a wand of digging (17/24)
 r - a wand of disintegration (9/24)
 D - a wand of flame (25/48)
 J - a wand of acid (7/15)
 M - a wand of polymorph (8/24)
 N - a wand of disintegration (21/24)
 O - a wand of confusion (48/48)
 P - a wand of iceblast (15/15)
 U - a wand of heal wounds (4/9)
 Y - a wand of enslavement (11/24)
 Z - a wand of paralysis (2/24)
Scrolls
 e - 7 scrolls of remove curse
 f - 8 scrolls of teleportation
 i - 3 scrolls of blinking
 l - 4 scrolls of recharging
 o - a scroll of fog
 s - 8 scrolls of enchant weapon
 B - 3 scrolls of magic mapping
 I - 4 scrolls of enchant armour
 L - a scroll of holy word
Potions
 a - a potion of resistance
 b - a potion of heal wounds
 h - 6 potions of brilliance
 j - 5 potions of curing
 q - 11 potions of flight
 u - 4 potions of invisibility
 w - 3 potions of haste
 x - 2 potions of agility
 A - 3 potions of cancellation
 C - a potion of ambrosia
 K - 3 potions of berserk rage
 Q - 4 potions of might
 R - a potion of cure mutation
Comestibles
 c - 9 bread rations
 n - 4 meat rations
 p - 7 beef jerkies
 z - 16 royal jellies
 E - 7 chunks of flesh


   Skills:
 + Level 16.0 Fighting
   Level 4.0(10.5) Axes
 - Level 14.5(14.7) Maces & Flails
 + Level 1.1 Throwing
 + Level 16.0 Armour
 + Level 8.1 Dodging
 - Level 2.0 Stealth
 + Level 17.9 Shields
 + Level 1.8 Evocations


You had 15 spell levels left.
You didn't know any spells.

Dungeon Overview and Level Annotations

Branches:
Dungeon (14/15)            Temple (1/1) D:6            Lair (8/8) D:8
  Swamp (0/4) Lair:5        Snake (0/4) Lair:3        Slime (0/6) Lair:7
    Orc (2/2) D:12            Elf (2/3) Orc:2        Vaults (0/5) D:13

Altars:
Ashenzari
Cheibriados
Dithmenos
Elyvilon
Fedhas
Gozag
Kikubaaqudgha
Makhleb
Nemelex Xobeh
Okawaru
Pakellas
Qazlal
Ru
Sif Muna
Trog
Vehumet
Xom
Yredelemnul
Zin
The Shining One
Beogh
Jiyva

Shops:
D:10 *   Orc:1 (   Orc:2 ![*(

Portals:
Hell: Lair:8


Innate Abilities, Weirdness & Mutations

You reflexively headbutt those who attack you in melee.
You have a pair of horns on your head.


Message History

You block the air elemental's attack.
You impale the hand axe of freezing!! You headbutt the hand axe of freezing.
The hand axe of freezing falls from the air.
Your Fighting skill increases to level 16!
The mace of holy wrath hits you but does no damage.
The air elemental misses you.
The hand axe of electrocution hits you but does no damage.
The war axe of electrocution hits you but does no damage.
You miss the hand axe of electrocution. The air elemental hits you!
* * * LOW HITPOINT WARNING * * *
The mace of holy wrath hits you but does no damage.
You block the hand axe of electrocution's attack.
You block the air elemental's attack.
You closely miss the hand axe of electrocution.
Your headbutt misses the hand axe of electrocution.
The air elemental barely misses you. The war axe of electrocution hits you!!
* * * LOW HITPOINT WARNING * * *
You block the mace of holy wrath's attack.
The hand axe of electrocution hits you.
You die...

........
#.......
##.....## .
##.......### ..
...........##...
......(e........
......(E(.......
.....((@)......#
################


You could see a deep elf knight, an air elemental and 5 dancing weapons.

Vanquished Creatures
  A deep elf sorcerer (Elf:1)
  Josephine (Lair:4)
  4 hydras
  Erica (D:8)
  A death knight (D:13)
  4 ogre magi (Orc:2)
  2 centaur warriors (D:13)
  8 dancing weapons
  3 death yaks
  An orc high priest (Orc:2)
  A queen ant (Lair:8)
  A sun demon (Lair:8)
  7 deep elf knights
  An unseen horror (D:12)
  A wizard (Lair:8)
  An orc knight (Orc:2)
  A harpy (shapeshifter) (D:13)
  A hill giant (D:10)
  5 deep elf archers
  An orb spider (shapeshifter) (Elf:2)
  4 ugly things
  3 cyclopes
  A hornet (D:13)
  33 deep elf magi
  2 griffons (Lair:7)
  2 orc sorcerers
  6 elephants
  A manticore (D:11)
  4 black mambas
  A torpor snail (Lair:1)
  A smoke demon (Lair:8)
  13 spiny frogs
  2 orange demons (Lair:8)
  A gargoyle (D:11)
  Psyche (D:8)
  A yaktaur (D:13)
  A freezing wraith (D:13)
  3 rime drakes
  5 ice devils (Lair:8)
  6 komodo dragons
  2 red devils (Lair:8)
  2 queen bees
  A hellwing (Lair:8)
  A troll (D:11)
  14 two-headed ogres (Orc:2)
  Grinder (D:6)
  11 blink frogs
  3 slime creatures
  Sigmund (D:6)
  3 spriggans (Lair:5)
  A wyvern (Lair:7)
  A water elemental (Elf:2)
  75 yaks
  12 hippogriffs
  5 wraiths
  Eustachio (D:4)
  A steam dragon (D:13)
  3 basilisks
  2 fire elementals
  A hungry ghost (D:12)
  A warg (Orc:2)
  6 swamp worms (Lair:5)
  5 soldier ants (Lair:8)
  A naga (Lair:3)
  17 porcupines
  12 water moccasins
  3 sky beasts
  A black bear (Lair:5)
  Purgy (Sewer)
  3 ice beasts
  13 orc warriors
  27 ogres
  2 phantoms
  An eye of draining (D:8)
  11 centaurs
  4 necrophages
  8 wolves
  14 crocodiles
  A big kobold (D:9)
  20 giant frogs
  A gnoll sergeant (D:9)
  40 killer bees
  10 wights
  An electric eel (Lair:5)
  2 lava snakes (D:10)
  The ghost of schorsch312 the Conjurer, a weakling DECj (D:3)
  6 crimson imps
  5 giant frog zombies
  6 hounds
  3 quasits
  A wasp zombie (D:9)
  6 jellies
  14 orc priests
  2 centaur skeletons
  6 iguanas
  22 orc wizards
  26 worker ants
  13 sheep
  A killer bee zombie (D:8)
  2 hound zombies
  2 hound skeletons
  A howler monkey zombie (D:6)
  A howler monkey skeleton (D:5)
  13 adders
  8 gnolls
  60 river rats
  4 shadow imps
  An ooze (D:5)
  4 worms
  A dart slug (D:1)
  4 giant geckos
  75 orcs
  14 bats
  3 giant cockroaches
  16 goblins
  9 hobgoblins
  20 jackals
  3 quokkas
  5 giant newts
  7 kobolds
  10 rats
  A spectral orc (D:3)
859 creatures vanquished.

Vanquished Creatures (collateral kills)
  5 hydras
  A centaur warrior (D:13)
  A death yak (Lair:6)
  3 deep elf magi (Elf:1)
  An ugly thing (D:13)
  A manticore (D:13)
  2 oklob plants
  12 elephants
  2 spiny frogs
  2 komodo dragons
  A yaktaur (D:13)
  An ice devil (Lair:8)
  A blink frog (Lair:1)
  12 yaks
  A basilisk (Lair:6)
  A hippogriff (D:13)
  4 orc warriors
  A wolf (Lair:8)
  2 ogres (Orc:2)
  A centaur (Lair:7)
  2 orc priests (D:12)
  2 orc wizards (Orc:2)
  A worker ant (Lair:8)
  15 orcs
75 creatures vanquished.

Vanquished Creatures (others)
  A dancing weapon (Elf:1)
  A deep elf knight (Elf:1)
  A jelly (D:11)
  A bush (D:8)
  11 fungi
  13 plants
28 creatures vanquished.

Grand Total: 962 creatures vanquished

Notes
Turn   | Place    | Note
--------------------------------------------------------------
     0 | D:1      | KrisztiCat the Minotaur Berserker began the quest for the Orb.
     0 | D:1      | Reached XP level 1. HP: 19/19 MP: 0/0
    25 | D:1      | Reached XP level 2. HP: 16/27 MP: 1/1
   359 | D:1      | Reached XP level 3. HP: 33/33 MP: 2/2
   408 | D:1      | Reached ** piety under Trog
   490 | D:2      | Found a faded altar to an unknown god.
   720 | D:2      | Reached skill level 5 in Maces & Flails
   958 | D:2      | Reached XP level 4. HP: 40/40 MP: 3/3
  1254 | D:3      | Found a basalt altar of Yredelemnul.
  1366 | D:4      | Found a sacrificial altar of Ru.
  1403 | D:3      | Noticed a centaur
  1419 | D:3      | Killed a centaur
  1419 | D:3      | Reached *** piety under Trog
  1419 | D:3      | Reached XP level 5. HP: 23/46 MP: 4/4
  1585 | D:3      | Noticed schorsch312's ghost (weakling DECj)
  1594 | D:3      | Killed schorsch312's ghost
  1594 | D:3      | Reached skill level 1 in Stealth
  1855 | D:3      | Noticed an ogre
  1860 | D:3      | Killed an ogre
  1860 | D:3      | Reached XP level 6. HP: 25/52 MP: 5/5
  2108 | D:3      | Found a radiant altar of Vehumet.
  2109 | D:3      | Found a snail-covered altar of Cheibriados.
  2113 | D:3      | Found a shattered altar of Ashenzari.
  2201 | D:5      | Entered Level 5 of the Dungeon
  2300 | D:5      | Reached XP level 7. HP: 20/54 MP: 6/6
  2504 | D:6      | Noticed Grinder
  2570 | D:5      | Reached **** piety under Trog
  2571 | D:5      | Found a glowing drain.
  2615 | Sewer    | Entered a sewer
  2734 | Sewer    | Noticed Purgy
  2746 | Sewer    | Killed Purgy
  2746 | Sewer    | Reached skill level 10 in Maces & Flails
  2900 | D:4      | Reached XP level 8. HP: 66/66 MP: 7/7
  3056 | D:4      | Noticed Eustachio
  3078 | D:4      | Killed Eustachio
  3486 | D:4      | Found an opulent altar of Gozag.
  3738 | D:5      | Noticed a moth of wrath
  3741 | D:5      | Found a bloodstained altar of Trog.
  3873 | D:6      | Paralysed by Grinder for 3 turns
  3880 | D:6      | Killed Grinder
  4142 | D:6      | Found a staircase to the Ecumenical Temple.
  4162 | D:6      | Reached XP level 9. HP: 65/71 MP: 8/8
  4178 | Temple   | Entered the Ecumenical Temple
  4457 | D:6      | Reached ***** piety under Trog
  4528 | D:6      | You fall through a shaft!
  4668 | D:6      | Noticed Sigmund
  4677 | D:6      | Killed Sigmund
  4753 | D:7      | Got a pair of steaming boots
  4759 | D:7      | Identified the +0 pair of boots "Lakemaub" {rElec MP+9 Str+2 Stlth-} (You found it on level 7 of the Dungeon)
  4912 | D:7      | Found a glowing golden altar of the Shining One.
  5154 | D:8      | Noticed Psyche
  5166 | D:8      | Killed Psyche
  5428 | D:8      | Noticed Erica
  5472 | D:8      | Killed Erica
  5472 | D:8      | Reached skill level 5 in Fighting
  5472 | D:8      | Reached skill level 5 in Armour
  5569 | D:8      | Reached XP level 10. HP: 75/83 MP: 9/9
  5592 | D:8      | Received a gift from Trog
  5630 | D:8      | Reached skill level 5 in Dodging
  5711 | D:8      | Found a staircase to the Lair.
  5755 | D:8      | Reached skill level 1 in Evocations
  5826 | D:8      | Found a snail-covered altar of Cheibriados.
  6336 | D:9      | Found a stormy altar of Qazlal.
  6439 | D:10     | Entered Level 10 of the Dungeon
  6641 | D:9      | Found an ancient bone altar of Kikubaaqudgha.
  6945 | D:9      | Received a gift from Trog
  7462 | D:10     | Reached XP level 11. HP: 97/97 MP: 10/10
  7546 | D:10     | Noticed a hill giant
  7558 | D:10     | Killed a hill giant
  7558 | D:10     | Reached skill level 1 in Axes
  7683 | D:10     | Found Xaynuegg's Elemental Accessories.
  7913 | D:12     | Reached skill level 10 in Armour
  7964 | D:11     | Found a viscous altar of Jiyva.
  8037 | D:11     | Noticed a cyan ugly thing
  8058 | D:11     | Killed a cyan ugly thing
  8068 | D:11     | Reached ****** piety under Trog
  8108 | D:11     | Reached skill level 10 in Fighting
  8235 | D:11     | Received a gift from Trog
  8660 | Lair:1   | Entered Level 1 of the Lair of Beasts
  8732 | Lair:1   | Noticed an eight-headed hydra
  8743 | Lair:1   | Killed an eight-headed hydra
  9653 | Lair:2   | Reached XP level 12. HP: 110/110 MP: 7/12
 10430 | Lair:3   | Found a staircase to the Snake Pit.
 10593 | Lair:3   | Reached skill level 1 in Shields
 10745 | Lair:3   | Reached skill level 2 in Shields
 11163 | Lair:4   | Reached skill level 3 in Shields
 11325 | Lair:4   | Received a gift from Trog
 11325 | Lair:4   | Reached skill level 4 in Shields
 11336 | Lair:4   | Found a stormy altar of Qazlal.
 11502 | Lair:4   | Reached skill level 5 in Shields
 11505 | Lair:4   | Noticed Josephine
 11521 | Lair:4   | Killed Josephine
 11934 | Lair:4   | Reached skill level 6 in Shields
 12484 | Lair:5   | Reached skill level 7 in Shields
 12548 | Lair:5   | Received a gift from Trog
 12857 | Lair:5   | Reached XP level 13. HP: 105/119 MP: 13/13
 12879 | Lair:5   | Reached skill level 8 in Shields
 13062 | Lair:5   | Found a staircase to the Swamp.
 13364 | Lair:6   | Reached skill level 9 in Shields
 13372 | Lair:6   | Reached skill level 1 in Throwing
 13612 | Lair:6   | Reached skill level 10 in Shields
 13650 | Lair:7   | Found a snail-covered altar of Cheibriados.
 13711 | Lair:7   | Received a gift from Trog
 14141 | Lair:6   | Reached skill level 11 in Shields
 14529 | Lair:7   | Received a gift from Trog
 14647 | Lair:7   | Got a clouded iron amulet
 14676 | Lair:7   | Found a staircase to the Slime Pits.
 14697 | Lair:8   | Entered Level 8 of the Lair of Beasts
 14922 | Lair:7   | Identified the amulet "Geonogri" {Gourm +Inv MP+9 Dex+4 Stlth-} (You found it on level 7 of the Lair of Beasts)
 14957 | Lair:7   | Reached skill level 12 in Shields
 15480 | Lair:8   | Reached XP level 14. HP: 111/130 MP: 14/14
 16177 | Lair:8   | Reached skill level 13 in Shields
 16591 | Lair:8   | Found a burning altar of Makhleb.
 17285 | Lair:8   | Reached skill level 15 in Armour
 17405 | Lair:8   | Found a gateway to Hell.
 17428 | Lair:8   | Reached skill level 14 in Shields
 18077 | D:12     | Found a staircase to the Orcish Mines.
 18593 | D:13     | Received a gift from Trog
 18622 | D:13     | Found a gate to the Vaults.
 18776 | D:13     | Got a twisted quarterstaff
 18782 | D:13     | Identified the +1 quarterstaff of Doom {drain, rElec} (You found it on level 13 of the Dungeon)
 19279 | D:13     | Reached skill level 15 in Shields
 19773 | Orc:1    | Entered Level 1 of the Orcish Mines
 19792 | Orc:1    | Paralysed by an orc sorcerer for 7 turns
 19814 | Orc:1    | Found a roughly hewn altar of Beogh.
 19848 | Orc:1    | Found Milaaf's Weapon Shoppe.
 19915 | Orc:2    | Entered Level 2 of the Orcish Mines
 20172 | Orc:1    | Reached XP level 15. HP: 135/139 MP: 15/15
 20488 | Orc:2    | Found a staircase to the Elven Halls.
 20565 | Orc:2    | Received a gift from Trog
 20569 | Orc:2    | Found Oschuale's Distillery.
 20579 | Orc:2    | Bought a potion of haste for 160 gold pieces
 20579 | Orc:2    | Bought a potion of might for 64 gold pieces
 20579 | Orc:2    | Bought a potion of haste for 160 gold pieces
 20579 | Orc:2    | Bought a potion of heal wounds for 80 gold pieces
 20725 | Orc:2    | Reached skill level 16 in Shields
 20747 | Orc:2    | Reached skill level 15 in Fighting
 21116 | Orc:2    | Found Zeunuem's Antique Armour Emporium.
 21116 | Orc:2    | Found Suer's General Store.
 21117 | Orc:2    | Found Odoqieb's Jewellery Shop.
 21117 | Orc:2    | Found Jontecof's Weapon Shoppe.
 21128 | Orc:2    | Bought an ichor-stained leather armour for 217 gold pieces
 21128 | Orc:2    | Bought the +3 hat of Pondering {ponderous, MR+ MP+10 Int+5} for 530 gold pieces
 21148 | Orc:2    | Identified the +1 leather armour of Restlessness {Regen+ Int+2} (You bought it in a shop on level 2 of the Orcish Mines)
 21159 | Orc:2    | Bought a scroll of identify for 34 gold pieces
 22055 | Elf:1    | Entered Level 1 of the Elven Halls
 22140 | Elf:1    | Received a gift from Trog
 23362 | Elf:1    | Reached skill level 17 in Shields
 23526 | Elf:1    | Noticed a deep elf sorcerer
 23540 | Elf:1    | Killed a deep elf sorcerer
 23913 | Elf:2    | Identified a scroll of acquirement
 24022 | Elf:2    | Reached XP level 16. HP: 35/151 MP: 16/16
 24035 | Elf:2    | HP: 6/226 [war axe of electrocution (19)]
 24035 | Elf:2    | Slain by a hand axe of electrocution

Skill      XL: |  1  2  3  4  5  6  7  8  9 10 11 12 13 14 15 16 |
---------------+-------------------------------------------------+-----
Fighting       | 4 6 9 11 12 13 14 15 16 | 16.0
Maces & Flails | 4 5 6 7 9 10 13 14 | 14.5
Stealth        | 1 2 |  2.0
Armour         | 5 9 12 13 14 15 16 | 16.0
Dodging        | 4 5 6 7 8 |  8.1
Evocations     | 1 |  1.8
Axes           | 4 |  4.0
Shields        | 7 12 15 17 | 17.9
Throwing       | 1 |  1.1

Action                   |  1- 3 |  4- 6 |  7- 9 | 10-12 | 13-15 | 16-18 || total
-------------------------+-------+-------+-------+-------+-------+-------++-------
Melee: Mace              |    69 |   106 |   353 |   764 |  1574 |       ||  2866
       Headbutt          |     9 |    13 |    73 |   234 |   600 |     3 ||   932
       Battleaxe         |       |       |       |    61 |       |       ||    61
       Dire flail        |       |       |       |   122 |       |       ||   122
       Flail             |       |       |       |    52 |       |       ||    52
       Morningstar       |       |       |       |    66 |       |       ||    66
       Eveningstar       |       |       |       |       |   288 |    12 ||   300
Throw: Javelin           |       |       |       |     6 |     3 |       ||     9
Invok: Berserk           |       |     5 |     4 |     1 |    15 |       ||    25
       Burn Spellbooks   |       |       |       |     4 |     2 |       ||     6
       Brothers in Arms  |       |       |       |     3 |    31 |       ||    34
       Trog's Hand       |       |       |       |     1 |     3 |       ||     4
 Abil: Evoke Invisibilit |       |       |       |       |     1 |       ||     1
Evoke: Wand              |       |       |     2 |     3 |     2 |       ||     7
  Use: Scroll            |     1 |     4 |       |    23 |    25 |       ||    53
       Potion            |       |       |     4 |       |     4 |       ||     8
 Stab: Confused          |       |       |     2 |       |       |       ||     2
       Distracted        |       |       |       |       |     4 |       ||     4
  Eat: Chunk             |       |     7 |    16 |    14 |    61 |       ||    98
       Beef jerky        |       |     1 |       |       |       |       ||     1
       Meat ration       |       |       |       |     2 |       |       ||     2
       Pizza             |       |       |       |     1 |     2 |       ||     3
       Fruit             |       |       |       |     6 |     8 |       ||    14
Armor: Animal skin       |    13 |    21 |       |       |       |       ||    34
       Scale mail        |       |    17 |   111 |       |       |       ||   128
       Plate armour      |       |       |    28 |   545 |   656 |    16 ||  1245
       Skin              |       |       |     7 |       |       |       ||     7
Dodge: Dodged            |    58 |    73 |   135 |   311 |   396 |     7 ||   980
Block: Large shield      |       |       |       |   357 |  1702 |    28 ||  2087
